[Event "Dvorkovich Memorial Rapid 2018"]
[Site "Taganrog"]
[Date "2018.01.14"]
[Round "8"]
[White "Vastrukhin, Oleg"]
[Black "Murzin, Volodar"]
[Result "1-0"]
[ECO "A49"]
[WhiteElo "2398"]
[BlackElo "2268"]
[Annotator "ChessBase"]
[PlyCount "119"]
[EventDate "2018.??.??"]
[EventType "swiss"]
[EventCountry "RUS"]
[SourceTitle "playchess.com"]
[Source "ChessBase"]
[SourceQuality "1"]
[TimeControl "900+10"]

1. Nf3 Nf6 2. g3 g6 3. Bg2 Bg7 4. O-O O-O 5. d4 d6 6. a4 Nbd7 7. a5 a6 8. Re1 Rb8 9. e4 e5 10. dxe5 Nxe5 11. Nxe5 dxe5 12. Nc3 b5 13. Be3 Be6 14. Bc5 Re8 15. Qe2 Nd7 16. Rad1 b4 17. Na4 Rb5 18. b3 Qc8 19. Qe3 Nxc5 20. Nxc5 Rxa5 21. Nxe6 Qxe6 22. Bf1 Qb6 23. Bc4 Qxe3 24. Rxe3 Rf8 25. Rd7 Rc5 26. Rf3 Kh8 27. Rfxf7 Rxf7 28. Rxf7 a5 29. Re7 Bf8 30. Re8 Kg7 31. Ra8 Bd6 32. Kg2 Kf6 33. h4 h5 34. Kf3 g5 35. hxg5+ Kxg5 36. Ke3 Kf6 37. f4 h4 38. f5 hxg3 39. Kf3 Rc6 40. Kxg3 Rb6 41. Kf3 a4 42. bxa4 Rc6 43. Bb3 Rc3+ 44. Ke2 Bc5 45. Ra6+ Bd6 46. a5 Rh3 47. Ra8 Bc5 48. Rc8 Re3+ 49. Kd2 Rxe4 50. Rxc7 Bd4 51. Rf7+ Kg5 52. a6 Kf4 53. a7 Bc3+ 54. Kd3 Rd4+ 55. Ke2 Rd2+ 56. Kf1 Rd1+ 57. Kg2 Ra1 58. Bd5 b3 59. cxb3 Ra2+ 60. Kh3 1-0

[Event "Dvorkovich Memorial Rapid 2018"]
[Site "Taganrog"]
[Date "2018.01.14"]
[Round "8"]
[White "Tomilova, Elena"]
[Black "Pshmahov, Osman"]
[Result "1-0"]
[ECO "A30"]
[WhiteElo "2331"]
[BlackElo "2103"]
[Annotator "ChessBase"]
[PlyCount "137"]
[EventDate "2018.??.??"]
[EventType "swiss"]
[EventCountry "RUS"]
[SourceTitle "playchess.com"]
[Source "ChessBase"]
[SourceQuality "1"]
[TimeControl "900+10"]

1. c4 Nf6 2. g3 e6 3. Nf3 d5 4. b3 g6 5. Bb2 Bg7 6. Bg2 O-O 7. O-O b6 8. d3 Bb7 9. Nbd2 c5 10. cxd5 exd5 11. d4 Nfd7 12. Qb1 Nc6 13. dxc5 Bxb2 14. Qxb2 bxc5 15. Rfd1 Qf6 16. Qxf6 Nxf6 17. Rac1 Nd7 18. e4 d4 19. Bh3 f5 20. exf5 gxf5 21. Nh4 Ne7 22. Re1 Ng6 23. Nxf5 Nde5 24. Ne7+ Kh8 25. Nxg6+ Nxg6 26. Rxc5 Rfe8 27. Rcc1 Ne5 28. Bg2 Bxg2 29. Kxg2 Nd3 30. Rxe8+ Rxe8 31. Rd1 Re2 32. Ne4 Ne5 33. Rxd4 Rxa2 34. h3 Rb2 35. Rd5 Nc6 36. Rd7 Re2 37. Rc7 Rxe4 38. Rxc6 Rb4 39. Ra6 Rxb3 40. Rxa7 Kg8 41. g4 h5 42. Ra5 hxg4 43. hxg4 Kg7 44. Ra6 Kf7 45. f3 Kg7 46. Kg3 Kf7 47. g5 Kg7 48. Kg4 Rb4+ 49. f4 Rc4 50. Kf5 Rc5+ 51. Ke4 Rc4+ 52. Ke5 Rc5+ 53. Kd4 Rb5 54. Ke4 Rb4+ 55. Kf3 Rb3+ 56. Kg4 Rb4 57. Re6 Kf7 58. Rf6+ Kg7 59. Rd6 Kf7 60. Kf5 Rb5+ 61. Ke4 Rb1 62. g6+ Kg7 63. Kf5 Rb5+ 64. Kg4 Rb1 65. Kg5 Rg1+ 66. Kf5 Kh6 67. Re6 Rg2 68. Re7 Rxg6 69. Re6 1-0

[Event "Dvorkovich Memorial Rapid 2018"]
[Site "Taganrog"]
[Date "2018.01.14"]
[Round "8"]
[White "Ivlev, Aleksey"]
[Black "Yermolenko, Vasily"]
[Result "1-0"]
[ECO "A61"]
[WhiteElo "2300"]
[BlackElo "2245"]
[Annotator "ChessBase"]
[PlyCount "91"]
[EventDate "2018.??.??"]
[EventType "swiss"]
[EventCountry "RUS"]
[SourceTitle "playchess.com"]
[Source "ChessBase"]
[SourceQuality "1"]
[TimeControl "900+10"]

1. d4 Nf6 2. Nf3 e6 3. c4 c5 4. d5 exd5 5. cxd5 d6 6. Nc3 g6 7. Bf4 a6 8. a4 Bg7 9. e3 O-O 10. h3 Ne8 11. Be2 Nd7 12. O-O h6 13. Bg3 f5 14. Nd2 Qe7 15. Nc4 b6 16. Re1 Rb8 17. Bf1 Ne5 18. Nd2 Nc7 19. f4 Nf7 20. e4 Bd4+ 21. Kh1 fxe4 22. Ndxe4 Qd8 23. Bd3 b5 24. axb5 axb5 25. Nd2 Bf5 26. Bxf5 gxf5 27. Qh5 Qf6 28. Bh4 Qg7 29. Ra7 b4 30. Ne2 Nb5 31. Nxd4 Nxd4 32. Nc4 Rbe8 33. Rxe8 Rxe8 34. Nxd6 Nxd6 35. Rxg7+ Kxg7 36. g4 Re2 37. g5 Nf7 38. gxh6+ Nxh6 39. d6 Nf7 40. d7 Rxb2 41. Qxf7+ Kxf7 42. d8=Q Ke6 43. Be7 Nf3 44. Qd6+ Kf7 45. Qf6+ Ke8 46. Qxb2 1-0

[Event "Dvorkovich Memorial Rapid 2018"]
[Site "Taganrog"]
[Date "2018.01.14"]
[Round "8"]
[White "Frolov, Andrey"]
[Black "Demkovich, Anatoliy"]
[Result "0-1"]
[ECO "B38"]
[WhiteElo "2120"]
[BlackElo "2407"]
[Annotator "ChessBase"]
[PlyCount "96"]
[EventDate "2018.??.??"]
[EventType "swiss"]
[EventCountry "RUS"]
[SourceTitle "playchess.com"]
[Source "ChessBase"]
[SourceQuality "1"]
[TimeControl "900+10"]

1. e4 c5 2. Nf3 g6 3. d4 cxd4 4. Nxd4 Bg7 5. c4 Nc6 6. Be3 Nf6 7. Nc3 O-O 8. Be2 d6 9. O-O Bd7 10. f3 Nxd4 11. Bxd4 a5 12. b3 Bc6 13. Qd2 Nd7 14. Bxg7 Kxg7 15. Kh1 Qb6 16. f4 f6 17. Bg4 Nc5 18. Qe3 e5 19. Rad1 Rad8 20. fxe5 dxe5 21. Rxd8 Rxd8 22. Nd5 Bxd5 23. exd5 a4 24. Bd1 axb3 25. axb3 Ra8 26. Bc2 Ra2 27. Qc3 Ra3 28. Rd1 Nd7 29. d6 Qc5 30. h4 Qf2 31. Qh3 f5 32. Be4 Qe2 33. Bf3 Qc2 34. Qg3 Ra8 35. Qg5 Re8 36. Qe3 e4 37. Be2 Re5 38. Rc1 Qb2 39. c5 f4 40. Qxf4 Qxe2 41. c6 bxc6 42. Rxc6 Rf5 43. Qg3 Qf2 44. Qc3+ Kh6 45. Rc7 Qxh4+ 46. Kg1 Qf2+ 47. Kh2 Rh5+ 48. Qh3 Rxh3+ 0-1

[Event "Dvorkovich Memorial Rapid 2018"]
[Site "Taganrog"]
[Date "2018.01.14"]
[Round "9"]
[White "Anikonov, Dmitry"]
[Black "Semenova, Elena"]
[Result "1/2-1/2"]
[ECO "E12"]
[WhiteElo "2407"]
[BlackElo "2238"]
[Annotator "ChessBase"]
[PlyCount "161"]
[EventDate "2018.??.??"]
[EventType "swiss"]
[EventCountry "RUS"]
[SourceTitle "playchess.com"]
[Source "ChessBase"]
[SourceQuality "1"]
[TimeControl "900+10"]

1. d4 Nf6 2. c4 e6 3. Nf3 b6 4. a3 Bb7 5. Nc3 Be7 6. d5 exd5 7. cxd5 O-O 8. g3 Re8 9. Bg2 c6 10. Nd4 Nxd5 11. Nxd5 cxd5 12. O-O Na6 13. Nf5 Nc5 14. b4 Ne4 15. Nxe7+ Qxe7 16. Bb2 Rac8 17. e3 Rc4 18. Rc1 Rec8 19. Qe2 a5 20. bxa5 bxa5 21. Rfd1 d6 22. Bh3 Rxc1 23. Rxc1 Rxc1+ 24. Bxc1 Nc3 25. Qd3 Qe4 26. Qxe4 dxe4 27. Bd2 Nb1 28. Bc1 Ba6 29. Bd7 Kf8 30. Bc6 Bd3 31. Bb2 Ke7 32. a4 f6 33. Bd4 Nd2 34. Bc3 Nb3 35. Bd5 Nc5 36. Bxa5 Nxa4 37. f3 exf3 38. Bxf3 Ke6 39. Kf2 Nc5 40. Bc3 Be4 41. Bg4+ f5 42. Be2 g6 43. Bd4 Bd5 44. Bb5 Ne4+ 45. Ke2 Nf6 46. Bd3 Ng4 47. h3 Ne5 48. Ba6 Bc6 49. Bxe5 Kxe5 50. h4 Bd5 51. Kf2 Bb3 52. Bd3 d5 53. Bb1 Bc4 54. Bc2 Bb5 55. Bb1 Ba4 56. Bd3 Bd1 57. Bb5 Ke4 58. Be8 Bh5 59. Bf7 Bg4 60. Bg8 h6 61. Bf7 g5 62. hxg5 hxg5 63. Be8 Bd1 64. Bc6 Ke5 65. Bd7 Bc2 66. Bc6 Be4 67. Be8 Kd6 68. Bb5 Kc5 69. Ba6 Kb4 70. Ke2 Kc3 71. Bb5 Bc2 72. Ba6 Bb3 73. Bc8 Bc4+ 74. Kf2 Bd3 75. Ke1 Be4 76. Ke2 Kc2 77. Be6 Kc3 78. Bc8 Bd3+ 79. Ke1 Be4 80. Ke2 Bd3+ 81. Ke1 1/2-1/2

[Event "Dvorkovich Memorial Rapid 2018"]
[Site "Taganrog"]
[Date "2018.01.14"]
[Round "9"]
[White "Demkovich, Anatoliy"]
[Black "Kotenko, Pavel"]
[Result "1-0"]
[ECO "C26"]
[WhiteElo "2407"]
[BlackElo "2403"]
[Annotator "ChessBase"]
[PlyCount "78"]
[EventDate "2018.??.??"]
[EventType "swiss"]
[EventCountry "RUS"]
[SourceTitle "playchess.com"]
[Source "ChessBase"]
[SourceQuality "1"]
[TimeControl "900+10"]

1. e4 e5 2. Nf3 Nc6 3. Nc3 Nf6 4. g3 Bc5 5. Bg2 d6 6. d3 a6 7. Be3 O-O 8. O-O Be6 9. d4 exd4 10. Nxd4 Nxd4 11. Bxd4 Bxd4 12. Qxd4 Nd7 13. Rad1 Qf6 14. f4 Qxd4+ 15. Rxd4 f6 16. Nd5 Bxd5 17. exd5 a5 18. a3 Rfe8 19. Kf2 g6 20. Re1 Rxe1 21. Kxe1 Kf7 22. Rc4 Rc8 23. Kd2 f5 24. Bf3 Nf6 25. Kd3 Ke7 26. Kd4 Kd7 27. Ra4 b6 28. Be2 h5 29. b4 axb4 30. axb4 h4 31. Ba6 Rh8 32. Bb5+ Ke7 33. Ra7 hxg3 34. hxg3 Rh3 35. Rxc7+ Kf8 36. Rc6 Ne4 37. Bd3 Rxg3 38. Bxe4 fxe4 39. Kxe4 Kg7 1-0

[Event "Dvorkovich Memorial Rapid 2018"]
[Site "Taganrog"]
[Date "2018.01.14"]
[Round "9"]
[White "Tunik, Gennady"]
[Black "Sipetin, Vladislav"]
[Result "1-0"]
[ECO "E18"]
[WhiteElo "2378"]
[BlackElo "2263"]
[Annotator "ChessBase"]
[PlyCount "113"]
[EventDate "2018.??.??"]
[EventType "swiss"]
[EventCountry "RUS"]
[SourceTitle "playchess.com"]
[Source "ChessBase"]
[SourceQuality "1"]
[TimeControl "900+10"]

1. d4 Nf6 2. c4 e6 3. Nf3 b6 4. g3 Bb7 5. Bg2 Be7 6. O-O O-O 7. Nc3 Ne4 8. Bd2 Nxc3 9. Bxc3 d5 10. cxd5 exd5 11. b4 c6 12. Ne5 Nd7 13. Nd3 Nf6 14. a4 Ne4 15. Qb3 Qd6 16. Rfc1 Rac8 17. Be1 Qf6 18. e3 Bd6 19. a5 Rfe8 20. axb6 axb6 21. Ra7 Rb8 22. b5 c5 23. dxc5 Nxc5 24. Nxc5 Bxc5 25. Bb4 Qd6 26. Rb1 h6 27. Bf3 Red8 28. Kg2 Ba8 29. Bc3 Rb7 30. Rba1 Rxa7 31. Rxa7 Qb8 32. Ra4 Bb7 33. Bd4 Qd6 34. Qd3 Ra8 35. Rxa8+ Bxa8 36. Bd1 Bb7 37. Bc2 Bxd4 38. Qh7+ Kf8 39. exd4 Qc7 40. Bd1 Qc4 41. Qh8+ Ke7 42. Qb8 Qc8 43. Qe5+ Kf8 44. Qd6+ Kg8 45. Qxb6 Qd7 46. Bf3 g6 47. Qc5 h5 48. h4 Kg7 49. b6 Qc6 50. Qxc6 Bxc6 51. Be2 Bb7 52. Kf3 f6 53. Kf4 Kf7 54. f3 Ke6 55. g4 Kf7 56. gxh5 gxh5 57. Bb5 1-0

[Event "Dvorkovich Memorial Rapid 2018"]
[Site "Taganrog"]
[Date "2018.01.14"]
[Round "9"]
[White "Tsoi, Dmitry"]
[Black "Mirzoyan, Mikhail"]
[Result "1/2-1/2"]
[ECO "A11"]
[WhiteElo "2371"]
[BlackElo "2275"]
[Annotator "ChessBase"]
[PlyCount "114"]
[EventDate "2018.??.??"]
[EventType "swiss"]
[EventCountry "RUS"]
[SourceTitle "playchess.com"]
[Source "ChessBase"]
[SourceQuality "1"]
[TimeControl "900+10"]

1. c4 c6 2. Nf3 d5 3. Qc2 Nf6 4. e3 Bg4 5. Ne5 Bh5 6. cxd5 Qxd5 7. f4 e6 8. Nc3 Qd8 9. b3 Nbd7 10. d4 Nxe5 11. fxe5 Bg6 12. Bd3 Nd5 13. Nxd5 Qxd5 14. Bxg6 hxg6 15. O-O Be7 16. Qc4 f6 17. Qxd5 cxd5 18. Bb2 Rc8 19. Rac1 Kd7 20. Rxc8 Rxc8 21. Rf2 f5 22. Kf1 Bg5 23. Re2 Be7 24. Ke1 g5 25. h3 Rh8 26. Kd1 Rh4 27. Bc3 Re4 28. Kc2 g4 29. hxg4 Rxg4 30. Kd3 Bg5 31. Be1 Be7 32. g3 Rg6 33. b4 Rh6 34. g4 Rh3 35. gxf5 exf5 36. Rf2 Ke6 37. Ke2 g5 38. Bd2 g4 39. b5 Bh4 40. Rg2 Rh1 41. a4 Kf7 42. e4 dxe4 43. d5 g3 44. e6+ Kf6 45. Bc3+ Ke7 46. Be5 Rc1 47. Bxg3 Rc2+ 48. Kf1 Rc1+ 49. Ke2 Rc2+ 50. Kf1 Rc1+ 51. Kf2 Rc2+ 52. Kg1 Rxg2+ 53. Kxg2 Bxg3 54. Kxg3 Kd6 55. Kf4 Ke7 56. a5 Kd6 57. Ke3 b6 1/2-1/2

[Event "Dvorkovich Memorial Rapid 2018"]
[Site "Taganrog"]
[Date "2018.01.14"]
[Round "9"]
[White "Kamenets, Anatolij"]
[Black "Tyurin, Artem"]
[Result "0-1"]
[ECO "D70"]
[WhiteElo "2294"]
[BlackElo "1820"]
[Annotator "ChessBase"]
[PlyCount "61"]
[EventDate "2018.??.??"]
[EventType "swiss"]
[EventCountry "RUS"]
[SourceTitle "playchess.com"]
[Source "ChessBase"]
[SourceQuality "1"]
[TimeControl "900+10"]

1. d4 Nf6 2. c4 g6 3. f3 d5 4. cxd5 Nxd5 5. e4 Nb6 6. Nc3 Bg7 7. Be3 O-O 8. Qd2 Nc6 9. Rd1 e5 10. d5 Nd4 11. Nb5 Re8 12. Nxd4 exd4 13. Bxd4 Qxd5 14. Bxg7 Qxd2+ 15. Rxd2 Kxg7 16. Bd3 Be6 17. b3 c5 18. Ne2 Rad8 19. Nf4 g5 20. Nxe6+ Rxe6 21. Bc2 Red6 22. Rxd6 Rxd6 23. Ke2 c4 24. Rc1 Rc6 25. b4 Kf6 26. Ke3 Re6 27. Bd1 Nd5+ 28. Kf2 Nxb4 29. Rxc4 Rd6 30. Bb3 Nd3+ 31. Kg3 0-1

[Event "Dvorkovich Memorial Rapid 2018"]
[Site "Taganrog"]
[Date "2018.01.14"]
[Round "9"]
[White "Nazaretyan, Tigran"]
[Black "Danchenko, Artemiy"]
[Result "1-0"]
[ECO "D37"]
[WhiteElo "2285"]
[BlackElo "1836"]
[Annotator "ChessBase"]
[PlyCount "83"]
[EventDate "2018.??.??"]
[EventType "swiss"]
[EventCountry "RUS"]
[SourceTitle "playchess.com"]
[Source "ChessBase"]
[SourceQuality "1"]
[TimeControl "900+10"]

1. d4 d5 2. c4 e6 3. Nf3 Nf6 4. Nc3 Be7 5. Bf4 O-O 6. e3 Nbd7 7. c5 c6 8. h3 Ne4 9. Nxe4 dxe4 10. Ne5 Nxe5 11. Bxe5 b6 12. b4 a5 13. a3 Qd5 14. Be2 bxc5 15. bxc5 Bxc5 16. Qc2 Be7 17. Bc4 Qd7 18. Qxe4 Bb7 19. O-O c5 20. Qg4 g6 21. Rfd1 cxd4 22. Rxd4 Qc6 23. a4 h5 24. Qg3 Rfd8 25. Bb5 Qb6 26. Bc7 Qc5 27. Bxd8 Rxd8 28. Rxd8+ Bxd8 29. Qb8 Qd5 30. e4 Qd4 31. Re1 Bxe4 32. Rxe4 Qxe4 33. Qxd8+ Kg7 34. Qxa5 Qb1+ 35. Bf1 Qe4 36. Qc3+ Kh7 37. a5 Qa8 38. a6 Qa7 39. Qb2 Qa8 40. Qb7 Qd8 41. Qxf7+ Kh6 42. Qxe6 1-0

[Event "Dvorkovich Memorial Rapid 2018"]
[Site "Taganrog"]
[Date "2018.01.14"]
[Round "10"]
[White "Kotenko, Pavel"]
[Black "Pshmahov, Osman"]
[Result "1-0"]
[ECO "C11"]
[WhiteElo "2403"]
[BlackElo "2103"]
[Annotator "ChessBase"]
[PlyCount "113"]
[EventDate "2018.??.??"]
[EventType "swiss"]
[EventCountry "RUS"]
[SourceTitle "playchess.com"]
[Source "ChessBase"]
[SourceQuality "1"]
[TimeControl "900+10"]

1. e4 e6 2. d4 d5 3. Nc3 Nf6 4. e5 Nfd7 5. f4 c5 6. Nf3 Nc6 7. Be3 c4 8. f5 exf5 9. Nxd5 Qa5+ 10. Nc3 Bb4 11. Be2 Nb6 12. O-O Bxc3 13. bxc3 Be6 14. Bd2 O-O-O 15. Ng5 h6 16. Nxe6 fxe6 17. a4 g5 18. Rf2 g4 19. Bf1 Ne7 20. Qb1 Ned5 21. Qb5 Qxb5 22. axb5 Kb8 23. g3 Nc7 24. Bg2 Nxb5 25. Rff1 Nc7 26. Rfb1 Ncd5 27. Ra3 Rd7 28. Kf2 h5 29. Bg5 Rg8 30. Bd2 Rf7 31. Rba1 a6 32. Rb1 Ka7 33. Ra2 Rgf8 34. Kg1 h4 35. Bf1 Rh8 36. Bg2 Rfh7 37. Kf2 hxg3+ 38. hxg3 Rf8 39. Kg1 Rff7 40. Bh1 Rh3 41. Be1 f4 42. Bg2 Rxg3 43. Bxg3 Nxc3 44. Rxb6 Nxa2 45. Rxe6 fxg3 46. Rf6 Re7 47. e6 Nc3 48. d5 Ne2+ 49. Kf1 Nd4 50. Rf7 Re8 51. d6 Rxe6 52. Rxb7+ Ka8 53. d7 Rf6+ 54. Ke1 Nxc2+ 55. Kd2 Rf2+ 56. Kc3 Rxg2 57. Rc7 1-0

[Event "Dvorkovich Memorial Rapid 2018"]
[Site "Taganrog"]
[Date "2018.01.14"]
[Round "10"]
[White "Tomilova, Elena"]
[Black "Tunik, Gennady"]
[Result "0-1"]
[ECO "A45"]
[WhiteElo "2331"]
[BlackElo "2378"]
[Annotator "ChessBase"]
[PlyCount "138"]
[EventDate "2018.??.??"]
[EventType "swiss"]
[EventCountry "RUS"]
[SourceTitle "playchess.com"]
[Source "ChessBase"]
[SourceQuality "1"]
[TimeControl "900+10"]

1. d4 Nf6 2. Bg5 e6 3. e4 h6 4. Bxf6 Qxf6 5. c3 Qd8 6. Bd3 b6 7. Ne2 Bb7 8. O-O d6 9. Nd2 Nd7 10. f4 g5 11. Ng3 Qe7 12. Qa4 a6 13. f5 b5 14. Qc2 e5 15. d5 Nf6 16. a4 bxa4 17. Qxa4+ Qd7 18. Qb3 Qc8 19. Nc4 Qb8 20. Ra4 Qa7+ 21. Kh1 h5 22. Na5 Bc8 23. Nc6 Qe3 24. Qc2 h4 25. Ne2 h3 26. g3 Bd7 27. Nc1 Bxc6 28. dxc6 Qb6 29. Qe2 Ke7 30. Rxa6 Rxa6 31. Bxa6 Qxc6 32. Bd3 d5 33. Re1 dxe4 34. Bxe4 Nxe4 35. Qxe4 Qxe4+ 36. Rxe4 Kf6 37. g4 Bc5 38. Re1 Rd8 39. Ne2 Bf2 40. Rf1 Bh4 41. Ng3 Bxg3 42. hxg3 Rd2 43. Ra1 e4 44. Ra6+ Ke5 45. Ra8 Rxb2 46. Re8+ Kd5 47. Re7 f6 48. Rd7+ Kc4 49. Rd4+ Kxc3 50. Rxe4 c5 51. Re6 Kd4 52. Rxf6 Ke4 53. Rc6 Kf3 54. Rxc5 Kxg4 55. f6 Rf2 56. Rc6 Kxg3 57. Rc3+ Kh4 58. Rc6 g4 59. Kg1 Rf3 60. Rc4 Rxf6 61. Ra4 Rf3 62. Rb4 Kg3 63. Rb1 Rc3 64. Rf1 Rc4 65. Ra1 Kh4 66. Rd1 g3 67. Ra1 h2+ 68. Kg2 Rc2+ 69. Kh1 Kh3 0-1

[Event "Dvorkovich Memorial Rapid 2018"]
[Site "Taganrog"]
[Date "2018.01.14"]
[Round "10"]
[White "Mirzoyan, Mikhail"]
[Black "Anikonov, Dmitry"]
[Result "0-1"]
[ECO "C41"]
[WhiteElo "2275"]
[BlackElo "2407"]
[Annotator "ChessBase"]
[PlyCount "49"]
[EventDate "2018.??.??"]
[EventType "swiss"]
[EventCountry "RUS"]
[SourceTitle "playchess.com"]
[Source "ChessBase"]
[SourceQuality "1"]
[TimeControl "900+10"]

1. e4 d6 2. d4 Nf6 3. Nc3 e5 4. Nf3 exd4 5. Nxd4 Be7 6. Bc4 O-O 7. O-O Re8 8. Re1 Nbd7 9. b3 Ne5 10. Bf1 c6 11. Bb2 Bd7 12. f4 Ng6 13. Qf3 Bf8 14. Kh1 b5 15. a3 Qb6 16. Rad1 Bg4 17. Qe3 Bxd1 18. Rxd1 Rad8 19. Qf3 d5 20. e5 Ne4 21. Nce2 Nh4 22. Qe3 c5 23. Nf3 Nf5 24. Qg1 d4 25. Bc1 0-1

[Event "Dvorkovich Memorial Rapid 2018"]
[Site "Taganrog"]
[Date "2018.01.14"]
[Round "10"]
[White "Maltsevskaya, Aleksandra"]
[Black "Ashrafzianov, Igor"]
[Result "0-1"]
[ECO "B01"]
[WhiteElo "2274"]
[BlackElo "2004"]
[Annotator "ChessBase"]
[PlyCount "148"]
[EventDate "2018.??.??"]
[EventType "swiss"]
[EventCountry "RUS"]
[SourceTitle "playchess.com"]
[Source "ChessBase"]
[SourceQuality "1"]
[TimeControl "900+10"]

1. e4 d5 2. exd5 Nf6 3. Nf3 Nxd5 4. d4 g6 5. c3 Bg7 6. Be2 O-O 7. O-O Nc6 8. Nbd2 e5 9. dxe5 Nxe5 10. Nxe5 Bxe5 11. Nf3 Bg7 12. Bg5 Nf6 13. Qb3 c6 14. a4 Qb6 15. Qa3 Re8 16. Bc4 Be6 17. Bxe6 Rxe6 18. Nd4 Ree8 19. Bf4 Ne4 20. Be3 Qc7 21. Nf3 Nf6 22. Bd4 Nd5 23. Bxg7 Kxg7 24. Rae1 Nf6 25. Qb3 Rxe1 26. Rxe1 Re8 27. Rxe8 Nxe8 28. h3 Nf6 29. Qc4 Qd6 30. Qe2 Qc5 31. Nd4 Qd6 32. Qd3 Qf4 33. Qd1 Ne4 34. Nf3 Nf6 35. Qe2 Qxa4 36. Nd4 Qa1+ 37. Kh2 Qc1 38. g3 c5 39. Nb3 Qg5 40. Nd2 b6 41. Nc4 Qd5 42. Ne3 Qe4 43. Qd1 h5 44. Kg1 a6 45. Qe2 b5 46. Qd2 Qe6 47. Kh2 Ne4 48. Qe2 c4 49. Qf3 Nc5 50. Qe2 Nd3 51. b3 Nc1 52. Qf3 Nxb3 53. Qb7 Nc5 54. Qa7 Nd3 55. f4 Qe4 56. Kg1 h4 57. f5 gxf5 58. gxh4 f4 59. Ng4 Qe1+ 60. Kg2 Qg3+ 61. Kh1 Qxh3+ 62. Nh2 Qxh4 63. Qg1+ Kh7 64. Qa7 Qe1+ 65. Kg2 Qe2+ 66. Kh1 Qe1+ 67. Kg2 Qg3+ 68. Kf1 Qe1+ 69. Kg2 Qe4+ 70. Nf3 Ne1+ 71. Kh3 Qxf3+ 72. Kh4 Qg3+ 73. Kh5 Qg6+ 74. Kh4 Nf3+ 0-1

[Event "Dvorkovich Memorial Rapid 2018"]
[Site "Taganrog"]
[Date "2018.01.14"]
[Round "10"]
[White "Semenova, Elena"]
[Black "Kolmychek, Evelina"]
[Result "1-0"]
[ECO "C54"]
[WhiteElo "2238"]
[BlackElo "2013"]
[Annotator "ChessBase"]
[PlyCount "65"]
[EventDate "2018.??.??"]
[EventType "swiss"]
[EventCountry "RUS"]
[SourceTitle "playchess.com"]
[Source "ChessBase"]
[SourceQuality "1"]
[TimeControl "900+10"]

1. e4 e5 2. Nf3 Nc6 3. Bc4 Nf6 4. d3 Bc5 5. c3 d6 6. O-O O-O 7. a4 a6 8. Bg5 h6 9. Bh4 g5 10. Bg3 Ne7 11. d4 exd4 12. cxd4 Bb6 13. a5 Ba7 14. e5 Ne4 15. Nc3 Nxg3 16. hxg3 Bg4 17. Ne4 Kg7 18. Nf6 Bf5 19. g4 Bg6 20. Qb3 Qc8 21. Rfe1 Ng8 22. Qc3 Nxf6 23. exf6+ Kh7 24. Nxg5+ Kg8 25. Qh3 h5 26. Ne6 Qd7 27. gxh5 d5 28. hxg6 fxe6 29. g7 Rxf6 30. Qh8+ Kf7 31. Qxa8 Kxg7 32. Qxa7 dxc4 33. Qc5 1-0

[Event "Dvorkovich Memorial Rapid 2018"]
[Site "Taganrog"]
[Date "2018.01.14"]
[Round "10"]
[White "Frolov, Andrey"]
[Black "Tsoi, Dmitry"]
[Result "0-1"]
[ECO "B06"]
[WhiteElo "2120"]
[BlackElo "2371"]
[Annotator "ChessBase"]
[PlyCount "162"]
[EventDate "2018.??.??"]
[EventType "swiss"]
[EventCountry "RUS"]
[SourceTitle "playchess.com"]
[Source "ChessBase"]
[SourceQuality "1"]
[TimeControl "900+10"]

1. e4 g6 2. d4 Bg7 3. Nc3 d5 4. exd5 Nf6 5. Bb5+ Nbd7 6. Nf3 O-O 7. O-O Nb6 8. h3 Nfxd5 9. Ne4 Bf5 10. Ng3 Bd7 11. Bd3 Nb4 12. Be2 Bc6 13. a3 N4d5 14. c4 Ba4 15. Qd3 Nf6 16. b3 Be8 17. Bb2 Nfd7 18. Rad1 a5 19. Qc2 Qb8 20. d5 Bxb2 21. Qxb2 c6 22. dxc6 bxc6 23. Qd4 c5 24. Qh4 Nf6 25. Ng5 Bc6 26. Rd3 Kg7 27. Re3 Ra7 28. Bd3 Rd7 29. Nf5+ gxf5 30. Bxf5 Rd4 31. f4 Rd2 32. Rg3 Rxg2+ 33. Rxg2 Bxg2 34. Kxg2 Rg8 35. Kh2 Kf8 36. Nxh7+ Nxh7 37. Qxh7 a4 38. Qh6+ Ke8 39. bxa4 Nxc4 40. Qc6+ Kf8 41. Qh6+ Ke8 42. Bg4 Qb2+ 43. Kg1 Rg6 44. Qh5 Ne3 45. Rf2 Qd4 46. Qe5 Qxe5 47. fxe5 Nxg4 48. hxg4 Rxg4+ 49. Kf1 Rxa4 50. Rc2 c4 51. Rc3 Kd7 52. Ke2 Ke6 53. Re3 Ra5 54. Kf3 Rxe5 55. Rc3 Rb5 56. Ke4 Rb3 57. Rxc4 Rxa3 58. Rc6+ Kd7 59. Rh6 e6 60. Rh8 Ke7 61. Rb8 Ra4+ 62. Ke3 f5 63. Kf3 Kf6 64. Ke3 Ra3+ 65. Kd4 e5+ 66. Kd5 Rd3+ 67. Kc4 Rd4+ 68. Kc3 Rd7 69. Rg8 f4 70. Rf8+ Kg5 71. Kc2 Kg4 72. Kc3 Kf3 73. Kc4 e4 74. Kc3 e3 75. Re8 Ke2 76. Rh8 f3 77. Rf8 f2 78. Kc2 Kf1 79. Re8 e2 80. Re6 e1=Q 81. Rxe1+ fxe1=Q 0-1

[Event "Dvorkovich Memorial Rapid 2018"]
[Site "Taganrog"]
[Date "2018.01.14"]
[Round "11"]
[White "Anikonov, Dmitry"]
[Black "Kim, Yana"]
[Result "1-0"]
[ECO "E90"]
[WhiteElo "2407"]
[BlackElo "2092"]
[Annotator "ChessBase"]
[PlyCount "103"]
[EventDate "2018.??.??"]
[EventType "swiss"]
[EventCountry "RUS"]
[SourceTitle "playchess.com"]
[Source "ChessBase"]
[SourceQuality "1"]
[TimeControl "900+10"]

1. d4 Nf6 2. c4 g6 3. Nc3 Bg7 4. e4 d6 5. Nf3 O-O 6. h3 c5 7. d5 e6 8. Bd3 exd5 9. exd5 Re8+ 10. Be3 Nbd7 11. O-O Ne5 12. Nxe5 Rxe5 13. Bf4 Re8 14. Re1 Bf8 15. Qf3 Nh5 16. Rxe8 Qxe8 17. Bd2 f5 18. g4 Ng7 19. Qg3 Bd7 20. Re1 Qf7 21. Bf4 Re8 22. Rxe8 Nxe8 23. f3 Bg7 24. Kg2 Qf6 25. Be3 Qe7 26. Qf2 Qe5 27. Qd2 fxg4 28. hxg4 Nf6 29. Bf4 Qe7 30. Bc2 Kf7 31. Bg3 Ne8 32. Ne4 Be5 33. Qh6 Kg8 34. Bh4 Qf8 35. Qg5 Qf4 36. Qxf4 Bxf4 37. Be1 Be5 38. b4 b6 39. Bd2 Nf6 40. Nf2 Kf7 41. b5 Bd4 42. Nd3 h5 43. g5 Ng8 44. Bf4 Ke7 45. Nc1 Bf5 46. Bxf5 gxf5 47. Ne2 Bg7 48. Ng3 Bf8 49. Nxf5+ Kd7 50. Kh3 Ne7 51. Nxe7 Kxe7 52. Kh4 1-0

[Event "Dvorkovich Memorial Rapid 2018"]
[Site "Taganrog"]
[Date "2018.01.14"]
[Round "11"]
[White "Musalov, Ruslan"]
[Black "Gunchenko, Vadim"]
[Result "1/2-1/2"]
[ECO "A08"]
[WhiteElo "2338"]
[BlackElo "2338"]
[Annotator "ChessBase"]
[PlyCount "74"]
[EventDate "2018.??.??"]
[EventType "swiss"]
[EventCountry "RUS"]
[SourceTitle "playchess.com"]
[Source "ChessBase"]
[SourceQuality "1"]
[TimeControl "900+10"]

1. e4 e6 2. d3 d5 3. Nd2 c5 4. g3 Bd6 5. Bg2 Ne7 6. Ngf3 Nbc6 7. O-O b6 8. Re1 Bb7 9. c3 Bc7 10. Ng5 h6 11. Qh5 g6 12. Qh3 Ne5 13. exd5 Bxd5 14. Nge4 Nxd3 15. Nf6+ Kf8 16. Nxd5 exd5 17. Rd1 Nxc1 18. Raxc1 Qc8 19. Qh4 Qf5 20. Nf1 Rd8 21. Ne3 Qg5 22. Qxg5 hxg5 23. Nxd5 Nxd5 24. Rxd5 Rxd5 25. Bxd5 g4 26. Bc4 Rh5 27. Be2 f5 28. Rd1 Rh7 29. Bc4 Re7 30. Kg2 Kg7 31. f3 gxf3+ 32. Kxf3 Kf6 33. Rd2 g5 34. Rd5 f4 35. g4 Re5 36. Rxe5 Kxe5 37. Bd3 Bd8 1/2-1/2

[Event "Dvorkovich Memorial Rapid 2018"]
[Site "Taganrog"]
[Date "2018.01.14"]
[Round "11"]
[White "Chernyavsky, Alexander"]
[Black "Ivlev, Aleksey"]
[Result "1-0"]
[ECO "D45"]
[WhiteElo "2326"]
[BlackElo "2300"]
[Annotator "ChessBase"]
[PlyCount "87"]
[EventDate "2018.??.??"]
[EventType "swiss"]
[EventCountry "RUS"]
[SourceTitle "playchess.com"]
[Source "ChessBase"]
[SourceQuality "1"]
[TimeControl "900+10"]

1. c4 c6 2. Nf3 d5 3. e3 Nf6 4. Nc3 e6 5. b3 Nbd7 6. Bb2 Bd6 7. d4 O-O 8. Bd3 b6 9. Qc2 Bb7 10. O-O Rc8 11. Rac1 dxc4 12. bxc4 c5 13. d5 exd5 14. Nxd5 Nxd5 15. Bxh7+ Kh8 16. cxd5 Bxd5 17. Rfd1 Bxf3 18. gxf3 Qg5+ 19. Kf1 Qh6 20. Bf5 Rcd8 21. Rxd6 Qxd6 22. Rd1 Qe7 23. Qa4 Ne5 24. Rxd8 Rxd8 25. Bxe5 Rd5 26. f4 f6 27. Qc6 Rd1+ 28. Ke2 Rd8 29. Bc7 Rg8 30. Bg6 Rc8 31. Qd5 Qxc7 32. Qh5+ Kg8 33. Qh7+ Kf8 34. Qh8+ Ke7 35. Qxg7+ Ke6 36. f5+ Kd5 37. Qxf6 Qd6 38. Qf7+ Kc6 39. f6 Qe5 40. Qe7 Qb2+ 41. Kf3 c4 42. Be4+ Kb5 43. Qd7+ Ka5 44. Qxc8 1-0